Map: Beckett Industries LE

Players

SortOf - Winner!

  • Race: Zerg Zerg
  • League: Master

HellraiseR

  • Race: Protoss Protoss
  • League: Grandmaster

Event: DreamHack SC2 Masters 2021 Summer

VOD

Have the link to the VOD?

Description

Time

  • Played on: May 28, 2021, 10:22 a.m.
  • Length: 11:55

All games in this series

Show
View Real Time Build Order
Export as new Build Order

SortOf Zerg - Winner!

Build Orders: Pool First 

Get SALT Encoding   

  12  0:17  Spawning Pool  
  11  0:22  Drone  
  11  0:26  Drone  
  13  0:31  Drone  
  14  0:41  Overlord  
  14  1:05  Zergling x6  
  17  1:15  Hatchery  
  16  1:18  Zergling x2  
  17  1:29  Zergling x2  
  18  1:34  Queen  
  18  1:39  Drone  
  21  1:49  Overlord  
  20  2:02  Drone  
  21  2:09  Drone, Queen  
  24  2:22  Drone  
  24  2:28  Queen  
  27  2:30  Drone  
  27  2:36  Drone  
  28  2:39  Extractor, Drone  
  28  2:46  Drone x3  
  28  2:48  Overlord  
  31  2:54  Drone  
  32  2:59  Drone  
  32  3:08  Queen  
  32  3:10  Drone x2  
  36  3:16  Drone  
  36  3:18  Drone x2  
  38  3:22  Overlord  
  38  3:26  Drone  
  39  3:31  Drone x2  
  40  3:37  Drone  
  40  3:40  Overlord  
  41  3:42  Drone x3  
  44  3:51  Metabolic Boost, Zergling x2  
  44  3:54  Zergling x2, Spore Crawler  
  45  3:57  Zergling x4  
  47  4:12  Hatchery  
  47  4:16  Drone  
  47  4:17  Drone x2  
  47  4:18  Queen  
  47  4:20  Drone x2  
  53  4:25  Drone x2  
  53  4:28  Drone  
  53  4:29  Drone  
  56  4:34  Drone x3  
  59  4:38  Roach Warren  
  58  4:47  Extractor, Overlord x2  
  57  4:55  Spore Crawler  
  56  5:04  Queen x2  
  60  5:11  Drone x7, Extractor  
  66  5:15  Overlord  
  66  5:24  Queen  
  68  5:33  Overlord  
  68  5:36  Overlord  
  68  5:37  Roach x5  
  68  5:42  Spore Crawler  
  76  5:48  Drone  
  76  5:50  Drone x2  
  76  5:53  Overlord  
  75  5:58  Roach x5  
  75  6:01  Queen  
  88  6:06  Overlord  
  88  6:08  Roach x2  
  92  6:11  Zergling x6  
  92  6:16  Ravager  
  96  6:20  Ravager x3  
  96  6:23  Zergling x10  
  103  6:29  Zergling x8  
  107  6:35  Zergling x8  
  110  6:44  Spore Crawler, Overlord  
  110  6:47  Overlord  
  109  6:51  Spore Crawler  
  109  6:53  Overlord  
  108  6:55  Overlord  
  108  6:57  Spore Crawler  
  103  7:02  Overlord  
  89  7:27  Overlord x4  
  78  7:44  Spore Crawler  
  78  7:48  Queen  
  78  7:54  Overlord  
  77  8:03  Overlord  
  74  8:05  Overlord  
  74  8:10  Hatchery  
  69  8:23  Queen  
  55  8:43  Zergling x6  
  55  8:46  Hatchery  
  48  8:52  Zergling x6  
  44  8:59  Queen  
  46  9:05  Hatchery  
  46  9:07  Zergling x8  
  48  9:20  Spore Crawler  
  48  9:22  Queen  
  49  9:35  Queen  
  51  9:42  Spore Crawler  
  48  9:47  Drone x3, Spore Crawler x3  
  50  10:05  Spore Crawler  
  47  10:14  Spore Crawler  
  47  10:15  Spore Crawler  
  43  10:23  Queen  
  39  10:40  Spore Crawler  
  38  10:43  Spawning Pool  
  33  10:54  Hatchery  
  33  10:57  Drone x3  
  34  10:58  Drone  
  34  11:04  Drone x2  
  38  11:08  Drone x3  
  44  11:37  Zergling x4  
  45  11:45  Hatchery  
Show
View Real Time Build Order
Export as new Build Order

HellraiseR Protoss 

Build Orders: Oracle Opening 

Get SALT Encoding   

  12  0:00  Probe  
  13  0:12  Probe  
  14  0:19  Pylon  
  14  0:24  Probe (Chrono Boost)  
  15  0:38  Probe (Chrono Boost)  
  15  0:39  Gateway  
  16  0:45  Probe (Chrono Boost)  
  16  0:47  Assimilator  
  17  0:53  Probe  
  18  1:05  Probe  
  19  1:18  Gateway  
  20  1:22  Pylon  
  19  1:26  Cybernetics Core  
  19  1:27  Zealot (Chrono Boost)  
  21  1:34  Probe  
  22  1:45  Zealot (Chrono Boost)  
  24  1:50  Pylon  
  24  2:10  Adept (Chrono Boost)  
  26  2:21  Cybernetics Core  
  22  2:28  Nexus  
  22  2:38  Stargate  
  22  2:42  Probe  
  23  2:48  Adept  
  25  2:56  Probe  
  26  3:03  Assimilator  
  26  3:08  Probe  
  27  3:22  Probe  
  28  3:28  Oracle (Chrono Boost)  
  32  3:36  Probe (Chrono Boost)  
  32  3:40  Probe (Chrono Boost)  
  33  3:42  Warp Gate  
  34  3:49  Probe (Chrono Boost), Gateway  
  34  3:50  Probe (Chrono Boost)  
  34  3:55  Probe (Chrono Boost)  
  35  3:58  Probe  
  35  4:01  Void Ray (Chrono Boost)  
  37  4:06  Probe  
  37  4:09  Pylon  
  42  4:10  Probe  
  43  4:19  Probe  
  43  4:22  Probe  
  45  4:29  Assimilator  
  45  4:31  Probe, Pylon, Assimilator  
  46  4:34  Probe  
  46  4:37  Stargate  
  47  4:43  Probe  
  47  4:45  Pylon  
  48  4:46  Probe  
  48  4:52  Void Ray (Chrono Boost)  
  49  4:55  Probe  
  49  4:58  Probe  
  55  5:07  Probe  
  55  5:12  Shield Battery  
  55  5:13  Void Ray (Chrono Boost)  
  58  5:22  Nexus  
  60  5:32  Void Ray (Chrono Boost)  
  60  5:34  Probe, Pylon  
  60  5:35  Probe  
  66  5:46  Probe  
  66  5:47  Probe, Void Ray (Chrono Boost)  
  69  6:00  Probe  
  69  6:01  Shield Battery  
  70  6:05  Shield Battery, Adept x2  
  70  6:10  Void Ray (Chrono Boost)  
  74  6:18  Forge  
  78  6:20  Probe  
  78  6:22  Void Ray (Chrono Boost)  
  78  6:25  Pylon  
  83  6:36  Shield Battery  
  83  6:37  Shield Battery  
  83  6:45  Void Ray (Chrono Boost)  
  82  6:53  Void Ray (Chrono Boost)  
  86  6:58  Shield Battery x2  
  86  6:59  Zealot x2  
  90  7:09  Photon Cannon, Shield Battery  
  82  7:21  Probe x2  
  82  7:22  Void Ray (Chrono Boost)  
  85  7:29  Void Ray (Chrono Boost)  
  76  7:41  Protoss Air Weapons Level 1 (Chrono Boost)  
  80  7:54  Void Ray (Chrono Boost)  
  84  8:05  Probe  
  73  8:21  Probe  
  73  8:23  Probe  
  73  8:26  Probe  
  57  8:33  Probe  
  39  8:35  Probe  
  39  8:38  Probe (Chrono Boost)  
  30  8:45  Probe (Chrono Boost)  
  30  8:51  Pylon  
  30  8:52  Probe (Chrono Boost)  
  30  8:55  Probe (Chrono Boost)  
  31  8:56  Probe (Chrono Boost)  
  31  9:01  Probe (Chrono Boost)  
  32  9:06  Probe (Chrono Boost)  
  32  9:08  Probe (Chrono Boost)  
  34  9:13  Probe  
  20  10:19  Probe  
  22  10:42  Probe  
  22  10:51  Photon Cannon  
  22  11:18  Probe  
  23  11:37  Probe  
Tags
 
Add a new tag
Caveats
  • Supply blocks, unpowered buildings, or Contaminate may cause inaccurate times.
  • Supply counts are checked every 10 seconds.